 Dungeon Crawl Stone Soup version 0.30-a0-42-g806c11bf1d (webtiles) character file.

Game seed: 8456726286384585458

557 QueenGhuleh the Chopper (level 7, -2/61 HPs)
             Began as a Minotaur Berserker on Aug 30, 2022.
             Was a Priest of Trog.
             Slain by an iguana (8 damage)
             ... on level 4 of the Dungeon.
             The game lasted 00:06:24 (3780 turns).

QueenGhuleh the Chopper (Minotaur Berserker)        Turns: 3780, Time: 00:06:25

Health: -2/61      AC:  7    Str: 23    XL:     7   Next: 9%
Magic:  2/2        EV: 11    Int:  4    God:    Trog [***...]
Gold:   253        SH:  0    Dex: 10    Spells: 6/6 levels left

rFire   . . .      SeeInvis .    v - +2 halberd (antimagic)
rCold   . . .      Faith    .    (shield currently unavailable)
rNeg    . . .      Spirit   .    d - +0 scale mail
rPois   .          Reflect  .    (helmet restricted)
rElec   .          Harm     .    (no cloak)
rCorr   .          Rampage  .    (no gloves)
Will    .....                    (no boots)
Stlth   ..........               (no amulet)
HPRegen 0.20/turn                (no ring)
MPRegen 0.08/turn                (no ring)

@: on berserk cooldown, slowed, very slow
A: horns 2, retaliatory headbutt
a: Renounce Religion, Berserk, Trog's Hand


You were on level 4 of the Dungeon.
You worshipped Trog.
Trog was most pleased with you.
You visited 1 branch of the dungeon, and saw 4 of its levels.

You collected 253 gold pieces.

Inventory:

Hand Weapons
 t - a +0 scythe
 v - a +2 antimagic halberd (weapon)
Missiles
 o - 2 throwing nets (quivered)
Armour
 b - a +0 animal skin
 d - a +0 scale mail (worn)
Jewellery
 r - a ring of ice
Scrolls
 a - 2 scrolls of amnesia {unknown}
 c - 2 scrolls of teleportation {unknown}
 g - 3 scrolls of vulnerability {unknown}
 i - a scroll of fear {unknown}
 k - a scroll of fog {unknown}
 n - a scroll of blinking {unknown}
 q - 2 scrolls of identify {unknown}
Potions
 e - a potion of mutation {unknown}
 f - 3 potions of curing {unknown}
 h - 2 potions of heal wounds {unknown}
 j - 4 potions of degeneration {unknown}
 l - 2 potions of lignification {unknown}
 m - a potion of invisibility {unknown}
 p - a potion of attraction {unknown}
 s - 2 potions of magic {unknown}
 u - a potion of haste {unknown}


   Skills:
 + Level 5.2 Fighting
 + Level 6.0(6.5) Axes
 + Level 3.4(5.2) Polearms
 + Level 5.2 Armour
 + Level 3.1 Dodging
 + Level 0.7 Stealth


You had 6 spell levels left.
You didn't know any spells.
Your spell library was empty.

Dungeon Overview and Level Annotations

Branches:
Dungeon (4/15)
 Temple: D:4-7

Altars:
Sif Muna
Trog


Innate Abilities, Weirdness & Mutations

You have a pair of horns on your head.
You reflexively headbutt those who attack you in melee.


Message History

Trog accepts your kill. The orc priest closely misses you.
You furiously retaliate!
You headbutt the orc priest!
You kill the orc priest!
Trog accepts your kill.
The orc hits you from afar with a +0 trident!
* * * LOW HITPOINT WARNING * * *
You impale the orc!!
You kill the orc!
Trog accepts your kill. The orc hits you but does no damage.
Things that are here:
a +0 club; a +0 ring mail; a +0 club You hit the orc.
You headbutt the orc.
You feel the power of Trog in you as your rage grows.
You kill the orc!
Trog accepts your kill.
Things that are here:
a +0 trident; an orc corpse You feel a strong urge to attack something.
You feel your anger nearly subside.
You are no longer berserk.
You are exhausted.
You feel yourself slow down.
An iguana comes into view.
An iguana is nearby!
You are too injured to fight recklessly!
You are too injured to fight recklessly!
The iguana hisses angrily.
The iguana bites you!
* * * LOW HITPOINT WARNING * * *
You puncture the iguana!
You headbutt the iguana, but do no damage.
The iguana is heavily wounded.
The iguana closely misses you. You furiously retaliate!
You headbutt the iguana. The iguana bites you!
* * * LOW HITPOINT WARNING * * *
You closely miss the iguana. Your headbutt misses the iguana.
The iguana is severely wounded.
The iguana bites you!
You die...

#.
##.########
..
##.)......
##
##))#######
#..)#
#.#..#
###..#
######..#
........#
#####..@#
.......l#
#####..##
#.. ###


You could see an iguana.

Vanquished Creatures
  Sigmund (D:2)
  A bullfrog (D:3)
  3 orc priests
  Jessica (D:3)
  2 orc wizards (D:3)
  6 adders
  A gnoll (D:3)
  5 worms (D:3)
  10 orcs
  4 ball pythons
  8 bats
  5 endoplasms
  4 giant cockroaches
  4 goblins
  6 hobgoblins (D:1)
  8 jackals
  8 kobolds
  A quokka (D:1)
  6 frilled lizards
  5 rats
89 creatures vanquished.

Vanquished Creatures (others)
  4 plants (D:1)
4 creatures vanquished.

Grand Total: 93 creatures vanquished

Notes
Turn   | Place    | Note
-------+----------+-------------------------------------------
     0 | D:1      | QueenGhuleh the Minotaur Berserker began the quest for the
                  | Orb.
     0 | D:1      | Reached XP level 1. HP: 19/19 MP: 0/0
    25 | D:1      | Found a faded altar of an unknown god.
    38 | D:1      | Reached skill level 4 in Axes
    38 | D:1      | Reached XP level 2. HP: 17/27 MP: 1/1
   600 | D:1      | Reached XP level 3. HP: 33/33 MP: 2/2
   912 | D:1      | Reached ** piety under Trog
  1699 | D:2      | Reached XP level 4. HP: 41/41 MP: 3/3
  1808 | D:2      | Noticed Sigmund
  1826 | D:2      | Killed Sigmund
  1827 | D:2      | Reached skill level 5 in Axes
  1827 | D:2      | Reached XP level 5. HP: 8/47 MP: 4/4
  2451 | D:3      | Found a glowing drain.
  2665 | D:3      | Reached XP level 6. HP: 36/53 MP: 5/5
  2675 | D:3      | Reached skill level 6 in Axes
  3007 | D:3      | Noticed Jessica
  3011 | D:3      | Killed Jessica
  3012 | D:3      | Reached skill level 1 in Polearms
  3028 | D:3      | Reached skill level 5 in Armour
  3315 | D:3      | Reached skill level 5 in Fighting
  3318 | D:3      | Reached *** piety under Trog
  3409 | D:3      | Found a shimmering blue altar of Sif Muna.
  3582 | D:3      | Found a bloodstained altar of Trog.
  3755 | D:4      | Reached XP level 7. HP: 26/61 MP: 2/6
  3780 | D:4      | Slain by an iguana

Illustrated notes

Levels and vault maps discovered:
D:1:      dpeg_arrival_pits, layout_loops_ring,
          dreamdust_ecumenical_altar_statues, serial_forest,
          infiniplex_forest_corner_2, infiniplex_forest_straight_2,
          infiniplex_forest_split, infiniplex_forest_straight_1,
          infiniplex_forest_clump_small, infiniplex_forest_clump_double,
          infiniplex_forest_end_1
D:2:      minmay_angry_zag, layout_loops_corners, uniq_sigmund
D:3:      layout_basic, trog_antimagical, mainiacjoe_overflow_brackets,
          cheibrodos_sewer_entry_sluice, uniq_jessica
D:4:      layout_loops_ring, general_overflow_altar, minmay_cut_off

Skill      XL: |  1  2  3  4  5  6 |
---------------+-------------------+-----
Axes           | 4 5 6 |  6.0
Fighting       | 4 5 |  5.2
Armour         | 3 4 5 |  5.2
Polearms       | 3 |  3.4
Dodging        | 3 |  3.1
Stealth        | |  0.7

Action                   |  1- 3 |  4- 6 |  7- 9 || total
-------------------------+-------+-------+-------++-------
Melee: Hand axe          |    80 |    29 |       ||   109
       Headbutt          |     7 |    18 |     2 ||    27
       Punch             |     1 |     2 |       ||     3
       Halberd           |       |   111 |     6 ||   117
Invok: Berserk           |       |     3 |     1 ||     4
Armor: Animal skin       |     6 |       |       ||     6
       Scale mail        |    28 |    86 |     3 ||   117
Dodge: Dodged            |    47 |    74 |     3 ||   124

Table legend: (Time is in decaauts)
 A = Elapsed time spent in this place.
 B = Non-inter-level travel time spent in this place.
 C = Inter-level travel time spent in this place.
 D = Time resting spent in this place.
 E = Time spent auto-exploring this place.
 F = Levels seen in this place.
 G = Mean time per level.
                   A        B        C        D        E       F      G
               +--------+--------+--------+--------+--------+-----+--------+
         Total |   3854 |   3794 |     60 |      0 |   3252 |   4 |  963.5 |
       Dungeon |   3854 |   3794 |     60 |      0 |   3252 |   4 |  963.5 |
               +--------+--------+--------+--------+--------+-----+--------+

Top non-repeatable levels by time:
     D:3: 1358 daAuts
     D:2: 1315 daAuts
     D:1: 1138 daAuts
     D:4: 41 daAuts
